 Dungeon Crawl Stone Soup version 0.23-a0-844-gdc03e01 (webtiles) character file.

1015 tidbits the Charmwright (level 8, -3/63 HPs)
             Began as a Gnoll Skald on Jan 26, 2019.
             Was a Priest of Cheibriados.
             Slain by an orc warrior
             ... wielding a +0 trident
              (20 damage)
             ... on level 7 of the Dungeon.
             The game lasted 00:14:45 (999 turns).

tidbits the Charmwright (Gnoll Skald)                Turns: 999, Time: 00:14:46

Health: -3/63      AC:  4    Str: 25    XL:     8   Next: 21%
Magic:  10/16      EV: 16    Int: 25    God:    Cheibriados [***...]
Gold:   31         SH:  0    Dex: 21    Spells: 7/18 levels left

rFire    . . .     SeeInvis .   b - +3 hand axe (flame)
rCold    . . .     Gourm    .   (no shield)
rNeg     . . .     Faith    .   m - +0 leather armour
rPois    .         Spirit   .   E - +0 helmet
rElec    .         Reflect  .   (no cloak)
rCorr    .         Harm     .   (no gloves)
MR       +....                  (no boots)
Stlth    ++........             (no amulet)
HPRegen  0.20/turn              H - ring of protection from magic
MPRegen  0.15/turn              G - +4 ring of strength

@: singing, very slow
A: distributed training, fangs 1, strong nose
a: Bend Time, Temporal Distortion, Renounce Religion


You were on level 7 of the Dungeon.
You worshipped Cheibriados.
Cheibriados was most pleased with you.
You were not hungry.

You visited 1 branch of the dungeon, and saw 7 of its levels.

You collected 31 gold pieces.

Inventory:

Hand Weapons
 a - a +0 broad axe
 b - a +3 hand axe of flaming (weapon)
   (You found it on level 1 of the Dungeon)
 e - a +0 dagger
 o - a +0 hunting sling
 r - a +0 shortbow
 y - a +0 flail
 D - a +0 spear
 I - a +0 halberd
Missiles
 j - 14 sling bullets
 l - 3 throwing nets {!f}
 p - 21 bolts
 s - 8 stones
 v - 67 arrows
 w - 2 javelins (quivered)
Armour
 m - a +0 leather armour (worn)
 t - a cursed +0 ring mail
 E - a +0 helmet (worn)
Jewellery
 G - a +4 ring of strength (right hand)
   (You found it on level 6 of the Dungeon)
 H - a ring of protection from magic (left hand)
   (You found it on level 2 of the Dungeon)
Wands
 A - a wand of flame (6)
Scrolls
 g - a scroll of fear {unknown}
 h - 2 scrolls of remove curse
 k - 4 scrolls of teleportation
 x - a scroll of enchant weapon {unknown}
 z - a scroll of amnesia {unknown}
 B - a scroll of enchant armour
Potions
 c - a potion of mutation {unknown}
 f - a potion of ambrosia
 i - a potion of curing
 n - a potion of might {unknown}
 q - a potion of lignification {unknown}
 u - a potion of resistance
 C - a potion of magic
 F - a potion of brilliance {unknown}
Comestibles
 d - 6 rations


   Skills:
 + Level 5.5 Fighting
 + Level 3.0 Short Blades
 + Level 3.0 Long Blades
 + Level 3.0 Axes
 + Level 3.0 Maces & Flails
 + Level 5.5 Polearms
 + Level 3.0 Staves
 + Level 3.0 Slings
 + Level 3.0 Bows
 + Level 3.0 Crossbows
 + Level 3.0 Throwing
 + Level 4.0 Armour
 + Level 5.5 Dodging
 + Level 3.0 Stealth
 + Level 3.0 Shields
 + Level 3.0 Unarmed Combat
 + Level 5.9 Spellcasting
 + Level 2.4 Conjurations
 + Level 2.4 Hexes
 + Level 6.0 Charms
 + Level 2.4 Summonings
 + Level 2.4 Necromancy
 + Level 2.4 Translocations
 + Level 2.4 Transmutations
 + Level 2.4 Fire Magic
 + Level 2.4 Ice Magic
 + Level 2.4 Air Magic
 + Level 2.4 Earth Magic
 + Level 2.4 Poison Magic
 + Level 3.3 Invocations
 + Level 3.0 Evocations


You had 7 spell levels left.
You knew the following spells:

 Your Spells              Type           Power        Failure   Level  Hunger
g - Shroud of Golubria    Chrm/Tloc      ####......   2%          2    None
i - Infusion              Chrm           ####         1%          1    None
r - Regeneration          Chrm/Necr      ####......   4%          3    #......
w - Spectral Weapon       Hex/Chrm       ####....     4%          3    #......
y - Song of Slaying       Chrm           #####...     1%          2    None

Your spell library contained the following spells:

 Spells                   Type           Power        Failure   Level  Hunger


Dungeon Overview and Level Annotations

Branches:
Dungeon (7/15)
 Temple: D:4-7

Altars:
Cheibriados
Xom

Annotations:
D:4 3 runed doors, Setanta's ghost, amateur TeWn


Innate Abilities, Weirdness & Mutations

Your experience applies equally to all skills.
You have very sharp teeth.
Your uncanny sense of smell can sniff out nearby items.


Message History

Your Long Blades skill increases to level 3!
Your Axes skill increases to level 3!
Your Maces & Flails skill increases to level 3!
Your Staves skill increases to level 3!
Your Slings skill increases to level 3!
Your Bows skill increases to level 3!
Your Crossbows skill increases to level 3!
Your Throwing skill increases to level 3!
Your Armour skill increases to level 4!
Your Stealth skill increases to level 3!
Your Shields skill increases to level 3!
Your Unarmed Combat skill increases to level 3!
Your Evocations skill increases to level 3!
Your spectral weapon hits the orc!
Your spectral weapon burns the orc.
You kill the orc!
Cheibriados appreciates the change of pace.
An orc comes into view. It is wielding a +0 hand axe.
You slash the adder! You burn the adder.
You kill the adder!
Cheibriados appreciates the change of pace.
The orc warrior hits you from afar with a +0 trident!!
Your shroud falls apart!
An orc wizard comes into view.
It is wielding a +0 dagger of protection.
The orc warrior hits you with a +0 trident!
* * * LOW HITPOINT WARNING * * *
Found a scroll labeled KELLATR CEUSTI.
Things that are here:
a +0 short sword; a +0 leather armour; an orc corpse You hit the orc warrior but do no damage.
You hear a shout!
Your spectral weapon hits the orc warrior.
Your spectral weapon burns the orc warrior.
The orc warrior hits your spectral weapon with a +0 trident.
Your spectral weapon shares its damage with you!
* * * LOW HITPOINT WARNING * * *
You barely miss the orc warrior.
The orc warrior is lightly wounded.
You barely miss the orc.
Your spectral weapon closely misses the orc warrior.
Your spectral weapon hits the orc.
Your spectral weapon burns the orc.
The orc closely misses you.
The orc hits your spectral weapon with a +0 hand axe.
Your spectral weapon shares its damage with you!
* * * LOW HITPOINT WARNING * * *
The orc warrior hits you with a +0 trident!
* * * LOW HITPOINT WARNING * * *
The orc wizard casts a spell.
The orc wizard seems to speed up.
It was a potion of curing.
You feel better. The orc warrior closely misses you.
You slash the orc warrior! You burn the orc warrior.
The orc warrior is heavily wounded.
You barely miss the orc wizard.
Your spectral weapon closely misses the orc warrior.
Your spectral weapon hits the orc wizard!
Your spectral weapon burns the orc wizard.
An orc comes into view. It is wielding a +4 war axe.
The orc wizard barely misses you. The orc warrior closely misses you.
You completely miss the orc wizard.
The orc wizard is heavily wounded.
You hit the orc warrior but do no damage.
You hit the orc. You burn the orc.
You kill the orc!
Cheibriados appreciates the change of pace.
Your spectral weapon hits the orc wizard.
Your spectral weapon burns the orc wizard.
Your spectral weapon hits the orc warrior but does no damage.
The orc wizard closely misses your spectral weapon.
An orc wizard comes into view. It is wielding a +0 dagger.
The orc warrior misses you.
The orc wizard hits your spectral weapon with a +0 dagger of protection.
Your spectral weapon fades away.
The orc wizard mumbles some strange words.
The orc wizard seems to speed up.
Press: ? - help, v - describe, . - travel
Here: an orc, wielding a +4 war axe The floor.
Unknown command.
Evoke which item? (* to show all) (? for menu, Esc to quit)
Okay, then.
Unknown command.
Unknown command.
You closely miss the orc warrior. You punch the orc warrior.
The orc warrior is heavily wounded.
You hit the orc wizard but do no damage.
The orc wizard barely misses you.
The orc warrior hits you with a +0 trident.
* * * LOW HITPOINT WARNING * * *
An orc comes into view. It is wielding a +0 short sword.
The orc wizard gestures at you while chanting.
The puff of frost misses you.
Unknown command.
Evoke which item? (* to show all) (? for menu, Esc to quit)
Okay, then.
Unknown command.
You hit the orc wizard. You burn the orc wizard.
You kill the orc wizard!
Cheibriados appreciates the change of pace.
You slash the orc warrior! You burn the orc warrior.
You hear a shout!
The orc warrior hits you with a +0 trident!!
You die...

#<..
...## .
#...?
#.##
.#...#
.#...#
....+
#...###
+.o.'o
∆ #)oo#
#†@.#
#...#
#<..#
#####


You could see an orc warrior, an orc wizard and 2 orcs.

Vanquished Creatures
  Grinder (D:3)
  Menkaure (D:5)
  3 ogres
  A centaur (D:5)
  3 howler monkeys (D:7)
  An orc priest (D:4)
  Terence (D:3)
  2 orc wizards
  3 adders
  6 gnolls
  An adder skeleton (D:4)
  2 worms
  3 leopard geckos
  16 orcs
  A giant cockroach (D:1)
  6 goblins
  8 hobgoblins
  7 jackals
  3 kobolds
  2 quokkas
  2 ball pythons (D:2)
  5 bats
  6 frilled lizards
  7 rats
91 creatures vanquished.

Vanquished Creatures (others)
  A spectral weapon (D:7)
1 creature vanquished.

Grand Total: 92 creatures vanquished

Notes
Turn   | Place    | Note
-------+----------+-------------------------------------------
     0 | D:1      | tidbits the Gnoll Skald began the quest for the Orb.
     0 | D:1      | Reached XP level 1. HP: 20/20 MP: 6/6
    95 | D:2      | Found a snail-covered altar of Cheibriados.
    98 | D:2      | Became a worshipper of Cheibriados the Contemplative
   101 | D:2      | Reached XP level 2. HP: 26/26 MP: 3/7
   105 | D:2      | Learned a level 2 spell: Song of Slaying
   108 | D:2      | Learned a level 2 spell: Shroud of Golubria
   189 | D:1      | Reached skill level 5 in Spellcasting
   189 | D:1      | Reached XP level 3. HP: 13/31 MP: 4/9
   194 | D:1      | Learned a level 3 spell: Regeneration
   199 | D:1      | Learned a level 3 spell: Spectral Weapon
   247 | D:1      | Reached skill level 1 in Invocations
   294 | D:2      | Reached * piety under Cheibriados
   373 | D:2      | Reached skill level 1 in Short Blades
   373 | D:2      | Reached skill level 1 in Long Blades
   373 | D:2      | Reached skill level 1 in Axes
   373 | D:2      | Reached skill level 1 in Maces & Flails
   373 | D:2      | Reached skill level 1 in Staves
   373 | D:2      | Reached skill level 1 in Slings
   373 | D:2      | Reached skill level 1 in Bows
   373 | D:2      | Reached skill level 1 in Crossbows
   373 | D:2      | Reached skill level 1 in Throwing
   373 | D:2      | Reached skill level 1 in Stealth
   373 | D:2      | Reached skill level 1 in Shields
   373 | D:2      | Reached skill level 1 in Unarmed Combat
   373 | D:2      | Reached skill level 1 in Evocations
   373 | D:2      | Reached XP level 4. HP: 26/38 MP: 8/11
   393 | D:3      | Noticed Grinder
   393 | D:3      | Paralysed by Grinder for 4 turns
   415 | D:3      | Killed Grinder
   415 | D:3      | Reached skill level 3 in Armour
   415 | D:3      | Reached skill level 1 in Conjurations
   415 | D:3      | Reached skill level 1 in Hexes
   415 | D:3      | Reached skill level 1 in Summonings
   415 | D:3      | Reached skill level 1 in Necromancy
   415 | D:3      | Reached skill level 1 in Translocations
   415 | D:3      | Reached skill level 1 in Transmutations
   415 | D:3      | Reached skill level 1 in Fire Magic
   415 | D:3      | Reached skill level 1 in Ice Magic
   415 | D:3      | Reached skill level 1 in Air Magic
   415 | D:3      | Reached skill level 1 in Earth Magic
   415 | D:3      | Reached skill level 1 in Poison Magic
   415 | D:3      | Reached skill level 2 in Invocations
   415 | D:3      | Reached XP level 5. HP: 38/43 MP: 6/12
   415 | D:3      | Reached XP level 6. HP: 45/50 MP: 6/13
   463 | D:2      | Found a shimmering altar of Xom.
   604 | D:3      | Noticed Terence
   612 | D:3      | Killed Terence
   612 | D:3      | Reached skill level 5 in Fighting
   612 | D:3      | Reached skill level 5 in Polearms
   612 | D:3      | Reached skill level 5 in Dodging
   656 | D:4      | Reached ** piety under Cheibriados
   656 | D:4      | Reached skill level 2 in Short Blades
   656 | D:4      | Reached skill level 2 in Long Blades
   656 | D:4      | Reached skill level 2 in Axes
   656 | D:4      | Reached skill level 2 in Maces & Flails
   656 | D:4      | Reached skill level 2 in Staves
   656 | D:4      | Reached skill level 2 in Slings
   656 | D:4      | Reached skill level 2 in Bows
   656 | D:4      | Reached skill level 2 in Crossbows
   656 | D:4      | Reached skill level 2 in Throwing
   656 | D:4      | Reached skill level 2 in Stealth
   656 | D:4      | Reached skill level 2 in Shields
   656 | D:4      | Reached skill level 2 in Unarmed Combat
   656 | D:4      | Reached skill level 2 in Evocations
   686 | D:4      | Found a runed gate.
   687 | D:4      | Found a runed gate.
   688 | D:4      | Found a runed gate.
   690 | D:4      | Noticed Setanta's ghost (amateur TeWn)
   700 | D:4      | Reached XP level 7. HP: 53/56 MP: 8/15
   764 | D:5      | Entered Level 5 of the Dungeon
   877 | D:5      | Noticed Menkaure
   881 | D:5      | Reached skill level 2 in Conjurations
   881 | D:5      | Reached skill level 2 in Hexes
   881 | D:5      | Reached skill level 2 in Summonings
   881 | D:5      | Reached skill level 2 in Necromancy
   881 | D:5      | Reached skill level 2 in Translocations
   881 | D:5      | Reached skill level 2 in Transmutations
   881 | D:5      | Reached skill level 2 in Fire Magic
   881 | D:5      | Reached skill level 2 in Ice Magic
   881 | D:5      | Reached skill level 2 in Air Magic
   881 | D:5      | Reached skill level 2 in Earth Magic
   881 | D:5      | Reached skill level 2 in Poison Magic
   886 | D:5      | Killed Menkaure
   945 | D:6      | Reached *** piety under Cheibriados
   945 | D:6      | Reached skill level 3 in Invocations
   958 | D:6      | Reached XP level 8. HP: 55/63 MP: 8/16
   984 | D:7      | Reached skill level 6 in Charms
   990 | D:7      | Reached skill level 3 in Short Blades
   990 | D:7      | Reached skill level 3 in Long Blades
   990 | D:7      | Reached skill level 3 in Axes
   990 | D:7      | Reached skill level 3 in Maces & Flails
   990 | D:7      | Reached skill level 3 in Staves
   990 | D:7      | Reached skill level 3 in Slings
   990 | D:7      | Reached skill level 3 in Bows
   990 | D:7      | Reached skill level 3 in Crossbows
   990 | D:7      | Reached skill level 3 in Throwing
   990 | D:7      | Reached skill level 4 in Armour
   990 | D:7      | Reached skill level 3 in Stealth
   990 | D:7      | Reached skill level 3 in Shields
   990 | D:7      | Reached skill level 3 in Unarmed Combat
   990 | D:7      | Reached skill level 3 in Evocations
   994 | D:7      | HP: 10/63 [orc warrior/+0 trident (9)]
   999 | D:7      | Slain by an orc warrior

Vault maps used:
D:1:      psy_arrival_basics, minmay_nonomino_d4
D:2:      zin_treasury, cheibriados_altar_1, dk_xom_monty_hall
D:3:      gammafunk_ghost_nasty_kobolds, first_ration, uniq_grinder,
          uniq_terence
D:4:      ebering_ghost_rock_garden, wad_floor_pattern_untrapped,
          minmay_strange_pillars
D:5:      black_bear_nest_2, marbit_many_paths, uniq_eustachio, uniq_edmund,
          uniq_menkaure
D:6:      overflow_temple_1_default, gammafunk_ghost_nasty_kobolds,
          uniq_blork_the_orc
D:7:      nicolae_temple_entry_ecumenical

Skill      XL: |  1  2  3  4  5  6  7  8 |
---------------+-------------------------+-----
Spellcasting   | 5 |  5.9
Invocations    | 1 2 3 |  3.3
Short Blades   | 1 2 3 |  3.0
Long Blades    | 1 2 3 |  3.0
Axes           | 1 2 3 |  3.0
Maces & Flails | 1 2 3 |  3.0
Staves         | 1 2 3 |  3.0
Slings         | 1 2 3 |  3.0
Bows           | 1 2 3 |  3.0
Crossbows      | 1 2 3 |  3.0
Throwing       | 1 2 3 |  3.0
Stealth        | 1 2 3 |  3.0
Shields        | 1 2 3 |  3.0
Unarmed Combat | 1 2 3 |  3.0
Evocations     | 1 2 3 |  3.0
Armour         | 3 4 |  4.0
Conjurations   | 1 2 |  2.4
Hexes          | 1 2 |  2.4
Summonings     | 1 2 |  2.4
Necromancy     | 1 2 |  2.4
Translocations | 1 2 |  2.4
Transmutations | 1 2 |  2.4
Fire Magic     | 1 2 |  2.4
Ice Magic      | 1 2 |  2.4
Air Magic      | 1 2 |  2.4
Earth Magic    | 1 2 |  2.4
Poison Magic   | 1 2 |  2.4
Fighting       | 5 |  5.5
Polearms       | 5 |  5.5
Dodging        | 5 |  5.5
Charms         | 6 |  6.0

Action                   |  1- 3 |  4- 6 |  7- 9 || total
-------------------------+-------+-------+-------++-------
Melee: Spear             |    64 |    77 |     5 ||   146
       Bite              |     7 |     4 |     8 ||    19
       Punch             |       |     2 |     2 ||     4
       Hand axe          |       |       |    44 ||    44
 Cast: Infusion          |     6 |       |       ||     6
       Spectral Weapon   |     4 |     9 |     6 ||    19
       Regeneration      |     1 |     3 |     2 ||     6
       Shroud of Golubri |       |     3 |     4 ||     7
       Song of Slaying   |       |       |     1 ||     1
Evoke: Wand              |       |       |     5 ||     5
  Use: Potion            |     1 |       |     1 ||     2
       Scroll            |       |       |     5 ||     5
 Stab: Sleeping          |       |     3 |     1 ||     4
  Eat: Ration            |     1 |       |       ||     1
Armor: Leather armour    |     9 |     3 |     4 ||    16
Dodge: Dodged            |    38 |    32 |    42 ||   112

Table legend:
 A = Non-vault XP
 B = Vault XP
 C = Vault XP percentage of total XP
 D = Non-vault monster count
 E = Vault monster count
 F = Vault count percentage of total count
                 A         B        C        D         E       F
            +---------+---------+-------+---------+---------+-------
      Total |     964 |     486 |  33.5 |      82 |       9 |   9.9
            +---------+---------+-------+---------+---------+-------
        D:1 |      37 |       9 |  19.6 |      14 |       6 |  30.0
        D:2 |      51 |       0 |   0.0 |      15 |       0 |   0.0
        D:3 |      41 |     308 |  88.3 |      10 |       2 |  16.7
        D:4 |     251 |       0 |   0.0 |      22 |       0 |   0.0
        D:5 |     184 |     169 |  47.9 |       5 |       1 |  16.7
        D:6 |     176 |       0 |   0.0 |       9 |       0 |   0.0
        D:7 |     224 |       0 |   0.0 |       7 |       0 |   0.0
            +---------+---------+-------+---------+---------+-------

Table legend:
 A = Turns spent in this place as a percentage of turns spent in the entire game.
 B = Non-inter-level travel turns spent in this place as a percentage of non-inter-level travel turns spent in the entire game.
 C = Inter-level travel turns spent in this place as a percentage of turns spent in this place.
 D = Turns resting spent in this place as a percentage of non-inter-level travel turns spent in this place.
 E = Turns spent auto-exploring this place as a percentage of non-inter-level travel turns spent in this place.
 F = Non-inter-level travel turns spent in this place divided by the number of levels of this place that you've seen.
                   A       B       C       D       E      F
               +-------+-------+-------+-------+-------+----------------------
         Total | 100.0 | 100.0 |   1.0 |   0.0 |   0.0 | 141.3
       Dungeon | 100.0 | 100.0 |   1.0 |   0.0 |   0.0 | 141.3
               +-------+-------+-------+-------+-------+----------------------

Table legend:
 A = Kills in this place as a percentage of kills in entire the game.
 B = Kills by you in this place as a percentage of kills by you in the entire game.
 C = Kills by friends in this place as a percentage of kills by friends in the entire game.
 D = Other kills in this place as a percentage of other kills in the entire game.
 E = Experience gained in this place as a percentage of experience gained in the entire game.
 F = Experience gained in this place divided by the number of levels of this place that you have seen.
                   A       B       C       D       E      F
               +-------+-------+-------+-------+-------+----------------------
         Total | 100.0 | 100.0 |   N/A |   N/A | 100.0 | 207.1
       Dungeon | 100.0 | 100.0 |   N/A |   N/A | 100.0 | 207.1
               +-------+-------+-------+-------+-------+----------------------

Vault maps used:
D:1:      psy_arrival_basics, minmay_nonomino_d4
D:2:      zin_treasury, cheibriados_altar_1, dk_xom_monty_hall
D:3:      gammafunk_ghost_nasty_kobolds, first_ration, uniq_grinder,
          uniq_terence
D:4:      ebering_ghost_rock_garden, wad_floor_pattern_untrapped,
          minmay_strange_pillars
D:5:      black_bear_nest_2, marbit_many_paths, uniq_eustachio, uniq_edmund,
          uniq_menkaure
D:6:      overflow_temple_1_default, gammafunk_ghost_nasty_kobolds,
          uniq_blork_the_orc
D:7:      nicolae_temple_entry_ecumenical
